Map: Pride of Altaris LE

Players

Freek

  • Race: Zerg Zerg
  • League: Platinum
  • Spawn Location: 11:00

elDuderino - Winner!

  • Race: Protoss Protoss
  • League: Gold
  • Spawn Location: 5:00

VOD

Have the link to the VOD?

Description

test

Time

  • Played on: Dec. 10, 2021, 1:58 p.m.
  • Length: 17:10
Show
View Real Time Build Order
Export as new Build Order

Freek Zerg 

Build Orders: Hatch First, Lurkers, Roach Hydra 

Get SALT Encoding   

  12  0:00  Drone  
  13  0:12  Overlord  
  13  0:17  Drone  
  14  0:30  Drone x2  
  16  0:49  Hatchery  
  15  0:52  Drone  
  15  0:55  Drone  
  17  0:58  Drone  
  18  1:14  Spawning Pool  
  18  1:16  Drone  
  18  1:20  Drone  
  19  1:28  Drone  
  19  1:31  Extractor  
  19  1:38  Drone  
  20  1:49  Drone  
  21  2:01  Queen x2  
  23  2:04  Overlord  
  23  2:07  Drone  
  26  2:13  Drone x2  
  28  2:23  Drone x2  
  30  2:32  Overlord  
  30  2:36  Drone  
  31  2:40  Queen  
  31  2:42  Lair  
  31  2:43  Drone  
  34  2:44  Drone  
  35  2:54  Drone  
  35  2:55  Drone  
  37  3:04  Overlord  
  37  3:12  Drone x7  
  44  3:21  Evolution Chamber  
  44  3:25  Roach Warren  
  44  3:26  Evolution Chamber  
  41  3:27  Extractor  
  41  3:28  Extractor  
  39  3:43  Drone x2  
  39  3:44  Drone  
  39  3:45  Drone x3  
  39  3:46  Drone x3  
  48  3:49  Zerg Missile Weapons Level 1  
  48  4:03  Overlord x2  
  48  4:05  Hatchery, Glial Reconstitution  
  48  4:07  Overseer  
  47  4:11  Spore Crawler  
  47  4:13  Spore Crawler, Drone  
  47  4:15  Drone  
  47  4:26  Roach  
  47  4:27  Roach x4  
  57  4:35  Overseer  
  57  4:44  Roach x5  
  67  4:46  Drone  
  67  4:47  Overlord  
  67  4:50  Overlord  
  68  5:07  Drone x5  
  73  5:20  Drone x6  
  79  5:37  Hydralisk Den  
  79  5:41  Queen  
  80  5:43  Zerg Ground Armor Level 1  
  80  5:45  Overlord x4  
  80  5:48  Burrow  
  80  5:49  Extractor  
  79  5:51  Drone x2  
  79  5:55  Extractor  
  79  5:56  Extractor  
  79  6:10  Zerg Missile Weapons Level 2  
  79  6:13  Drone x2  
  79  6:14  Drone  
  79  6:15  Drone x3  
  79  6:16  Drone x3  
  79  6:18  Drone x5  
  93  6:25  Overlord  
  93  6:26  Overlord x2  
  93  6:27  Grooved Spines  
  93  6:31  Drone  
  94  6:33  Lurker Den  
  94  6:37  Drone  
  94  6:53  Drone  
  95  6:55  Infestation Pit  
  95  7:01  Roach x8  
  108  7:07  Spine Crawler  
  109  7:10  Spine Crawler  
  109  7:11  Spine Crawler, Drone x6  
  111  7:17  Spine Crawler x2  
  105  7:28  Roach x6  
  105  7:29  Roach  
  112  7:38  Muscular Augments  
  112  7:39  Queen  
  87  7:56  Drone x2  
  87  7:57  Drone x3  
  92  8:14  Roach x9  
  92  8:15  Roach x3  
  116  8:26  Drone x3  
  119  8:35  Overlord x2  
  119  8:53  Hydralisk x5  
  119  8:54  Hydralisk x6  
  141  8:58  Overlord x2  
  141  9:05  Zerg Ground Armor Level 2  
  141  9:11  Overlord x2  
  141  9:12  Overlord  
  141  9:22  Lurker x3  
  141  9:23  Lurker x5  
  149  9:28  Hydralisk  
  149  9:29  Hydralisk x2  
  155  9:46  Hydralisk x6  
  167  10:02  Hydralisk x3  
  167  10:03  Hydralisk x2  
  107  10:58  Hydralisk x18  
  107  10:59  Hydralisk  
  145  11:08  Extractor  
  145  11:09  Hydralisk x3, Extractor  
  149  11:25  Hatchery  
  148  11:49  Roach  
  148  11:50  Roach x13  
  111  12:34  Roach x3  
  111  12:35  Roach x5  
  109  12:46  Hatchery  
  80  13:25  Drone x12  
  92  13:27  Roach  
  92  13:37  Infestation Pit  
  91  13:44  Ravager  
  91  13:45  Lurker  
  91  13:46  Lurker x6  
  98  13:58  Hydralisk x8  
  114  14:04  Hatchery  
  114  14:06  Queen  
  114  14:08  Drone  
  114  14:09  Drone x2  
  118  14:10  Queen  
  118  14:12  Queen  
  120  14:47  Hatchery  
  120  14:50  Drone x3  
  122  14:58  Extractor  
  121  15:00  Hydralisk x5  
  121  15:01  Hydralisk x5  
  141  15:11  Lurker  
  141  15:12  Lurker x2  
  144  15:23  Hatchery  
  126  16:03  Drone  
  126  16:04  Drone x5  
  129  16:06  Hydralisk x4  
  129  16:07  Hydralisk x4  
Show
View Real Time Build Order
Export as new Build Order

elDuderino Protoss - Winner!

Build Orders: Double Forge, Chargelot Immortal 

Get SALT Encoding   

  12  0:01  Probe  
  13  0:13  Probe  
  14  0:19  Pylon  
  14  0:25  Probe  
  15  0:37  Probe (Chrono Boost)  
  16  0:47  Probe (Chrono Boost)  
  17  0:52  Probe (Chrono Boost)  
  18  1:03  Probe (Chrono Boost)  
  19  1:06  Nexus  
  19  1:16  Probe (Chrono Boost)  
  20  1:20  Gateway  
  20  1:25  Probe (Chrono Boost)  
  21  1:28  Assimilator  
  21  1:30  Probe  
  22  1:42  Probe  
  22  1:45  Pylon  
  23  2:03  Probe  
  23  2:05  Assimilator  
  24  2:10  Cybernetics Core  
  24  2:11  Zealot  
  26  2:18  Probe (Chrono Boost)  
  26  2:19  Forge  
  26  2:21  Probe (Chrono Boost)  
  29  2:32  Probe (Chrono Boost), Gateway  
  29  2:38  Probe  
  29  2:42  Probe  
  31  2:50  Probe  
  32  2:54  Probe  
  32  2:55  Photon Cannon  
  32  2:58  Warp Gate (Chrono Boost)  
  33  3:02  Probe  
  34  3:06  Probe, Gateway  
  35  3:14  Probe  
  35  3:18  Probe  
  37  3:22  Twilight Council  
  37  3:26  Pylon  
  37  3:28  Pylon  
  37  3:30  Probe  
  38  3:35  Forge  
  39  3:42  Probe (Chrono Boost)  
  39  3:43  Probe (Chrono Boost)  
  39  3:44  Assimilator  
  40  3:55  Gateway  
  41  3:56  Probe (Chrono Boost), Gateway  
  41  4:10  Pylon  
  41  4:14  Pylon  
  41  4:18  Nexus  
  41  4:21  Probe  
  41  4:22  Probe  
  43  4:26  Charge (Chrono Boost)  
  43  4:28  Protoss Ground Armor Level 1 (Chrono Boost)  
  43  4:29  Protoss Ground Weapons Level 1 (Chrono Boost)  
  43  4:34  Probe x2  
  45  4:40  Gateway  
  45  4:46  Probe x2  
  47  4:56  Pylon, Assimilator  
  47  4:58  Probe x2  
  47  4:59  Pylon  
  49  5:09  Zealot  
  49  5:10  Pylon, Zealot, Probe  
  49  5:12  Zealot  
  56  5:15  Pylon  
  56  5:16  Zealot  
  56  5:17  Probe  
  59  5:30  Zealot  
  59  5:32  Probe (Chrono Boost)  
  62  5:36  Gateway  
  62  5:40  Zealot  
  62  5:41  Probe (Chrono Boost)  
  62  5:42  Probe x2 (Chrono Boost)  
  67  5:44  Zealot  
  67  5:45  Zealot  
  67  5:47  Zealot, Probe (Chrono Boost)  
  67  5:48  Probe x2  
  76  6:00  Zealot x2  
  76  6:03  Probe x3  
  83  6:06  Pylon  
  83  6:08  Pylon  
  83  6:10  Shield Battery  
  83  6:11  Shield Battery  
  83  6:15  Probe  
  83  6:17  Probe x2  
  86  6:22  Zealot  
  86  6:23  Zealot  
  90  6:25  Protoss Ground Armor Level 2 (Chrono Boost)  
  90  6:26  Zealot  
  90  6:27  Probe  
  90  6:29  Probe x2  
  90  6:31  Protoss Ground Weapons Level 2 (Chrono Boost)  
  95  6:37  Zealot  
  95  6:39  Zealot  
  99  6:41  Zealot  
  99  6:45  Probe  
  99  6:46  Probe x2  
  104  6:55  Nexus  
  104  7:03  Photon Cannon  
  104  7:11  Photon Cannon  
  104  7:12  Photon Cannon  
  104  7:15  Shield Battery  
  104  7:17  Pylon  
  92  7:32  Zealot  
  92  7:33  Zealot x5  
  92  7:56  Zealot, Blink  
  92  7:57  Zealot x3  
  92  7:58  Zealot x2  
  102  8:10  Probe x3  
  105  8:13  Probe  
  106  8:22  Probe x3  
  106  8:24  Dark Shrine  
  106  8:25  Probe  
  110  8:30  Robotics Facility  
  110  8:32  Robotics Facility  
  110  8:33  Robotics Facility  
  111  8:34  Probe x3  
  111  8:40  Pylon  
  113  8:42  Pylon, Probe, Gateway  
  113  8:43  Pylon  
  113  8:44  Pylon  
  113  8:46  Probe x2  
  116  8:54  Stalker x4  
  116  8:55  Stalker x2  
  128  8:56  Stalker  
  128  8:58  Nexus  
  128  9:00  Protoss Ground Armor Level 3 (Chrono Boost)  
  130  9:03  Probe x3, Protoss Ground Weapons Level 3 (Chrono Boost)  
  130  9:04  Probe, Robotics Facility  
  134  9:15  Probe  
  135  9:19  Gateway  
  135  9:24  Gateway x2  
  135  9:27  Gateway  
  135  9:28  Immortal (Chrono Boost)  
  135  9:29  Observer, Gateway  
  135  9:30  Observer  
  141  9:40  Assimilator, Gateway  
  141  9:41  Gateway  
  141  9:43  Assimilator  
  141  9:47  Probe x4, Immortal (Chrono Boost)  
  141  9:48  Immortal (Chrono Boost)  
  153  9:53  Nexus  
  153  9:57  Dark Templar x4  
  153  9:58  Dark Templar x3, Immortal (Chrono Boost)  
  175  10:10  Immortal (Chrono Boost)  
  163  10:19  Immortal  
  109  11:01  Immortal x3  
  109  11:02  Stalker  
  109  11:04  Zealot x3  
  125  11:05  Stalker  
  125  11:06  Stalker x2  
  134  11:21  Zealot x4  
  134  11:22  Zealot x4  
  128  11:40  Observer (Chrono Boost)  
  128  11:41  Observer x2 (Chrono Boost)  
  124  11:58  Observer (Chrono Boost)  
  114  12:27  Stalker  
  90  12:31  Stalker  
  70  12:37  Robotics Bay  
  70  12:39  Stalker x3  
  70  12:40  Stalker x6  
  70  12:41  Stalker x3  
  70  12:42  Stalker  
  88  12:46  Observer, Immortal x2  
  97  12:58  Probe (Chrono Boost)  
  100  13:03  Probe x2 (Chrono Boost)  
  100  13:11  Probe (Chrono Boost)  
  100  13:12  Probe (Chrono Boost)  
  95  13:18  Zealot x2  
  94  13:23  Zealot  
  94  13:24  Zealot x4  
  94  13:25  Zealot x3  
  94  13:26  Zealot x2  
  114  13:29  Colossus x2 (Chrono Boost)  
  126  13:44  Colossus (Chrono Boost)  
  132  14:15  Colossus  
  124  14:44  Probe (Chrono Boost)  
  127  14:49  Probe x2 (Chrono Boost)  
  127  14:54  Colossus  
  127  14:55  Nexus  
  127  14:56  Extended Thermal Lance (Chrono Boost)  
  127  14:57  Colossus, Probe (Chrono Boost)  
  140  15:08  Nexus  
  140  15:22  Colossus  
  140  15:24  Nexus  
  116  16:53  Zealot x2  
  116  16:54  Zealot x3  
  122  16:56  Zealot x4  
Tags
 
Add a new tag
Caveats
  • Supply blocks, unpowered buildings, or Contaminate may cause inaccurate times.
  • Supply counts are checked every 10 seconds.